 Dungeon Crawl Stone Soup version 0.15.2 (webtiles) character file.

1521434 magipi the Slayer (level 26, 229/229 HPs)
             Began as a Mummy Berserker on Apr 11, 2017.
             Was a High Priest of Trog.
             Escaped with the Orb
             ... and 3 runes on Apr 23, 2017!
             The game lasted 08:00:08 (87631 turns).

magipi the Slayer (Mummy Berserker)                Turns: 87631, Time: 08:00:08

HP 229/229       AC 37     Str 28      XL: 26   Next: 99%
MP  11/11        EV 23     Int  6      God: Trog [*****.]
Gold 6808        SH 16     Dex 20      Spells:  0 memorised, 25 levels left

rFire  + + .     SeeInvis +     r - +9 demon whip (antimagic)
rCold  + . .     Clarity  .     N - +7 plate armour {rF+}
rNeg   + + +     rCorr    .     V - +1 shield {rF+}
rPois  +         rRot     +     o - +2 helmet
rElec  .         Spirit   +     s - +2 cloak {rPois}
SustAb .         Warding  .     y - +0 pair of gloves {Str+3}
rMut   .         Stasis   .     Y - +2 pair of boots {Fly}
Gourm  .                        L - amulet of guardian spirit
MR     +++..                    f - ring of protection from fire
                                i - ring of the Nightingale {EV+3 Str+3 Dex+3 SInv Stlth-}

@: flying, very slightly contaminated, extremely resistant to hostile
enchantments, extremely unstealthy
A: no food or potions, fire vulnerability, strongly in touch with death, restore
body, cold resistance 1, negative energy resistance 3, poison resistance,
torment resistance, unbreathing
a: Self-Restoration, Burn Spellbooks, Trog's Hand, Brothers in Arms, Renounce
Religion, Stop Flying
0: Orb of Zot
}: 3/15 runes: serpentine, barnacled, silver


You escaped.
You worshipped Trog.
Trog was extremely pleased with you.
You were not hungry.

You visited 10 branches of the dungeon, and saw 58 of its levels.
You also visited: Ice Cave.

You collected 10453 gold pieces.
You spent 3645 gold pieces at shops.

Inventory:

Hand weapons
 a - a +9 eveningstar of electrocution
 b - the +11 blowgun of Cruel Justice {evade, SInv Stlth--}
   (You bought it in a shop on level 2 of the Depths)

   It affects your evasion (+5 to EV).
   It enhances your eyesight.
   It makes you much less stealthy.
 e - the +2 demon whip of the Wilderness {slash, +Inv rElec rN+}
   (Trog gifted it to you on level 2 of the Lair of Beasts)

   It inflicts extra damage upon your enemies.
   It insulates you from electricity.
   It protects you from negative energy.
   It lets you turn invisible.
 r - a +9 antimagic demon whip (weapon)
 I - a +5 demon whip of flaming
Missiles
 G - 5 throwing nets (quivered)
 R - 17 poisoned javelins
 T - 8 javelins of penetration
 W - 2 curare-tipped needles
 Z - 7 silver javelins
Armour
 o - a +2 helmet (worn)
 s - a +2 cloak of poison resistance (worn)
 y - a +0 pair of gloves of strength (worn)
 N - a +7 plate armour of fire resistance (worn)
 V - a +1 shield of fire resistance (worn)
 Y - a +2 pair of boots of flying (worn)
Magical devices
 m - a wand of teleportation (5)
 u - a wand of hasting (5)
 x - a wand of heal wounds (7)
 A - a wand of heal wounds (2)
 E - a wand of polymorph (2)
 F - a wand of digging (2)
 H - a wand of cold (6)
 K - a wand of disintegration (14)
 M - a wand of confusion (10)
 O - a wand of disintegration (4)
 S - a wand of fireball (4)
 U - a wand of draining (4)
Scrolls
 d - 7 scrolls of blinking
 j - 15 scrolls of identify
 k - 5 scrolls of vulnerability
 l - a scroll of silence
 p - 4 scrolls of torment
 v - 4 scrolls of fear
 z - 15 scrolls of teleportation
 B - 11 scrolls of remove curse
 C - 2 scrolls of recharging
 D - a scroll of magic mapping
 P - 6 scrolls of fog
 X - 2 scrolls of summoning
Jewellery
 c - the cursed ring of Luangin {+Inv rPois rC+ AC-3 Dex+3 Slay+5}
   (You found it on level 4 of the Snake Pit)

   [ring of protection]

   It affects your AC (-3).
   It affects your dexterity (+3).
   It affects your accuracy and damage with ranged weapons and melee attacks
   (+5).
   It protects you from cold.
   It protects you from poison.
   It lets you turn invisible.
   It has a curse placed upon it.
 f - a ring of protection from fire (right hand)
 g - an uncursed ring of regeneration
 h - an uncursed amulet of clarity
 i - the ring of the Nightingale (left hand) {EV+3 Str+3 Dex+3 SInv Stlth-}
   (You bought it in a shop on level 3 of the Shoals)

   [ring of evasion]

   It affects your evasion (+3).
   It affects your strength (+3).
   It affects your dexterity (+3).
   It enhances your eyesight.
   It makes you less stealthy.
 q - a cursed ring of invisibility
 t - a cursed ring of teleportation
 L - an amulet of guardian spirit (around neck)
Miscellaneous
 w - a sack of spiders
 J - a lamp of fire
 Q - a phial of floods


   Skills:
 - Level 23.2 Fighting
 - Level 16.2 Maces & Flails
 - Level 16.0 Throwing
 + Level 16.6 Armour
 + Level 16.9 Dodging
 - Level 15.0 Shields
 - Level 12.5 Evocations


You had 25 spell levels left.
You didn't know any spells.

Dungeon Overview and Level Annotations

Branches:
Dungeon (15/15)            Temple (0/1) D:4             Orc (4/4) D:12
    Elf (3/3) Orc:3          Lair (8/8) D:8          Shoals (5/5) Lair:3
  Snake (5/5) Lair:6        Slime (0/6) Lair:6       Vaults (5/5) D:14
  Crypt (3/3) Vaults:2       Tomb (0/3) Crypt:3      Depths (5/5) D:15
    Zot (5/5) Depths:5

Altars:
Ashenzari
Cheibriados
Elyvilon
Kikubaaqudgha
Okawaru
Sif Muna
Xom
Beogh
Jiyva

Shops:
D:12 [   D:14 *   Orc:4 :%[*(   Shoals:3 =   Vaults:2 }   Vaults:3 %
Vaults:4 *   Depths:2 %![*((

Portals:
Hell: Depths:1 Depths:2 Depths:3 Depths:4 Depths:5
Abyss: Depths:1 Depths:2 Depths:4
Pandemonium: Depths:3
Ziggurat: Depths:2 Depths:4
Trove: D:15 (give wand of heal wounds (8))

Annotations:
Lair:6 exclusion: 2 oklob plants
Crypt:1 exclusion: 2 curse skulls
Crypt:2 exclusion: curse skull
Crypt:3 exclusion: curse skull


Innate Abilities, Weirdness & Mutations

You do not eat or drink.
Your flesh is vulnerable to fire.
You are strongly in touch with the powers of death.
You can restore your body by infusing magical energy.
Your flesh is cold resistant.
You are immune to negative energy.
Your system is resistant to poisons.
You are immune to unholy pain and torment.
You can survive without breathing.


Message History

The ufetubus shouts!
Things that are here:
a ring mail; a dagger of venom Evoke which item? (* to show all) (? for menu, Esc to quit)
Zapping:
u - a wand of hasting (6)
Press: ? - help, Shift-Dir - straight line, f - you You feel yourself speed up.
You are very lightly contaminated with residual magic.
This wand has 5 charges left.
The ufetubus completely misses you. The ufetubus completely misses you.
You block the ufetubus' attack. You block the ufetubus' attack.
You see here a brown potion {tried by monster}.
There is a stone staircase leading up here.
You closely miss the ufetubus. You block the ufetubus' attack.
The ufetubus closely misses you.
You puncture the ufetubus!
You kill the ufetubus!
Trog accepts your kill.
(D) Dungeon (T) Temple (O) Orcish Mines (E) Elven Halls (L) Lair (A) Shoals (P) Snake Pit (M) Slime Pits (V) Vaults (C) Crypt (W) Tomb (U) Depths (H) Hell (Z) Zot
Where to? (Enter - D:1 (entrance), ? - help)
You fly upwards.
You sense a powerful magical force warping space.
There is a stone staircase leading down here.
There is an open door here.
There is a stone staircase leading up here.
You fly upwards.
You sense a powerful magical force warping space.
There is a stone staircase leading down here.
You see here a ring mail.
Things that are here:
a chain mail; a club; a hand axe
Items here: ))) [[ a leather armour; a hand axe; a ring mail; a flail; a glowing falchion
There is a stone staircase leading up here.
You fly upwards.
You sense a powerful magical force warping space.
There is a stone staircase leading down here.
Your extra speed is starting to run out.
You feel yourself slow down.
There is a stone staircase leading up here.
You fly upwards.
You sense a powerful magical force warping space.
There is a stone staircase leading down here.
There is a stone staircase leading up here.
You fly upwards.
You sense a powerful magical force warping space.
There is a stone staircase leading down here.
There is a stone staircase leading up here.
You fly upwards.
You sense a powerful magical force warping space.
There is a stone staircase leading down here.
There is a stone staircase leading up here.
You fly upwards.
You sense a powerful magical force warping space.
There is a stone staircase leading down here.
There is a stone staircase leading up here.
You fly upwards.
You sense a powerful magical force warping space.
There is a stone staircase leading down here.
There is a stone staircase leading up here.
(D) Dungeon (T) Temple (O) Orcish Mines (E) Elven Halls (L) Lair (A) Shoals (P) Snake Pit (M) Slime Pits (V) Vaults (C) Crypt (W) Tomb (U) Depths (H) Hell (Z) Zot
Where to? (Enter - D:1 (entrance), ? - help) Unknown command.
Unknown command.
Unknown command.
You fly upwards.
You sense a powerful magical force warping space.
There is a stone staircase leading down here.
(D) Dungeon (T) Temple (O) Orcish Mines (E) Elven Halls (L) Lair (A) Shoals (P) Snake Pit (M) Slime Pits (V) Vaults (C) Crypt (W) Tomb (U) Depths (H) Hell (Z) Zot
Where to? (Enter - D:1 (entrance), ? - help) You're already here!
Evoke which item? (* to show all) (? for menu, Esc to quit)
Zapping:
F - a wand of digging (4)
Press: ? - help, Shift-Dir - straight line The rock shatters into small pieces.
This wand has 3 charges left.
A goblin comes into view. It is wielding a dagger.
The goblin shouts!
Evoke which item? (* to show all) (? for menu, Esc to quit)
Zapping:
F - a wand of digging (3)
Press: ? - help, Shift-Dir - straight line The rock shatters into small pieces.
This wand has 2 charges left.
There is a staircase leading out of the dungeon here.
Wield which item (- for none, * to show all)? (? for menu, Esc to quit)
Your +9 eveningstar of electrocution stops crackling.
You feel magic leave you.
r - a +9 antimagic demon whip (weapon)
Use which ability? (? or * to list)
You infuse your body with magical energy.
You feel your intelligence returning. You block the goblin's attack.
You have escaped!

# ##.......###.#####.......####.
# ##.....####.......###......###.
###....###.............###....##.
......##.....#######.....##....#.
.....##....###. #.#.#....##...##
.....#....##.. #...##....#....#
######...##...####....##...##...#
#........#...##..g##...#....#...#
#...######......@..#...#....#...#
#...#....#...##...##...#....#...#
#...##...##...#####........##...#
#....#....##.........#######....#
##...##....###.....###.........##
.#...........#######....(##....#.
.##....###.............###....##.
..##.....####.......####.....##..
...##.......######.##.......##..#


You could see a goblin.

Vanquished Creatures
  3 orbs of fire
  5 ancient liches
  Norris (Depths:1)
  3 Killer Klowns (Zot:5)
  8 golden dragons
  Jory (Crypt:2)
  The ghost of glosham the Shatterer, a mighty OgAM of Makhleb (Vaults:3)
  An electric golem (Zot:5)
  14 tentacled monstrosities
  22 Orb Guardians (Zot:5)
  Asterion (Orc:3)
  2 titans (Depths:2)
  2 deep elf blademasters (Elf:3)
  A quicksilver dragon (Vaults:5)
  2 deep elf master archers (Elf:3)
  3 liches
  6 sphinxes
  Polyphemus (Shoals:2)
  15 storm dragons
  A kraken (Shoals:5)
  Agnes (Shoals:4)
  3 ancient champions
  Kirke (Snake:3)
  The ghost of dscm the Thaumaturge, a mighty OpEE of Cheibriados (Elf:3)
  7 tengu reavers
  10 shadow dragons
  Ilsuiw (Shoals:5)
  8 greater nagas
  11 frost giants
  3 draconian monks
  13 fire giants
  Donald (Snake:1)
  Wiglaf (Elf:3)
  An orc warlord (Depths:2)
  3 balrugs
  3 draconian scorchers
  Aizul (Snake:1)
  Louise (Snake:1)
  4 deep elf sorcerers
  16 vault wardens
  3 draconian zealots (Zot:1)
  5 emperor scorpions
  5 ghouls
  2 draconian annihilators
  22 stone giants
  2 spriggan defenders
  7 very ugly things
  7 deep elf demonologists (Elf:3)
  5 war gargoyles
  2 draconian shifters
  A draconian caller (Zot:1)
  3 grey draconians (Zot:1)
  2 green draconians (Zot:1)
  3 black draconians
  5 deep elf annihilators
  5 white draconians
  3 mottled draconians
  A purple draconian (Zot:3)
  A red draconian (Zot:2)
  2 vampire knights
  3 dire elephants
  5 pale draconians
  12 deep elf death magi
  20 ettins
  5 yellow draconians
  9 jiangshi
  The ghost of MaceMeetFace the Cleaver, a powerful HuBe of Trog (Orc:1)
  2 eidola (Crypt:3)
  6 merfolk javelineers
  38 vault guards
  6 merfolk impalers
  17 yaktaur captains
  A minotaur (shapeshifter) (Depths:1)
  A hydra (shapeshifter) (Vaults:5)
  3 minotaurs
  5 deep elf high priests
  A death cob (Zot:4)
  6 great orbs of eyes
  15 ice dragons
  17 ironheart preservers
  A spriggan air mage (Depths:4)
  13 fire dragons
  Fannar (Lair:4)
  9 hydras
  19 naga warriors
  2 rakshasas
  A monstrous demonspawn (Depths:2)
  5 merfolk aquamancers
  14 ogre magi
  2 large abominations
  A siren (shapeshifter) (Depths:4)
  3 sirens
  Erica (Lair:1)
  2 death knights (Crypt:1)
  4 ghost crabs
  5 anacondas
  10 deep troll earth magi
  An anaconda (shapeshifter) (Vaults:5)
  An alligator snapping turtle (Shoals:5)
  14 deep troll shamans
  12 centaur warriors
  3 satyrs
  19 death yaks
  A spectral storm dragon (Depths:3)
  3 tengu warriors
  6 spriggan berserkers
  An orc high priest (Orc:2)
  A titan zombie (D:15)
  A dancing weapon (Vaults:5)
  8 vampire magi
  18 naga sharpshooters
  3 salamander mystics (Snake:5)
  Nergalle (Lair:4)
  A fire crab (Vaults:1)
  2 shadow wraiths
  26 skeletal warriors
  A titan skeleton (Crypt:3)
  11 iron trolls
  10 sea snakes
  A death drake (Zot:1)
  13 deep elf knights
  An ice devil (Depths:5)
  4 sun demons
  A catoblepas (Shoals:2)
  9 deep elf summoners
  A storm dragon skeleton (Vaults:2)
  2 unseen horrors (shapeshifter)
  9 hell knights (Crypt:3)
  A lindwurm (Lair:6)
  6 flayed ghosts
  An infernal demonspawn (Depths:2)
  7 naga ritualists
  3 unseen horrors
  3 golden dragon skeletons
  An ice statue (IceCv)
  A spectral iron dragon (Crypt:1)
  8 hill giants
  28 deep trolls
  A swamp dragon (shapeshifter) (Depths:3)
  A lindwurm (shapeshifter) (Vaults:5)
  A hellion (Depths:4)
  13 deep elf conjurers
  A spectral wolf spider (Crypt:1)
  16 ironbrand convokers
  A wolf spider zombie (D:15)
  6 giant orange brains
  6 mana vipers
  A frost giant zombie (Vaults:4)
  A harpy (shapeshifter) (Vaults:1)
  60 ugly things
  5 wolf spiders
  13 orc knights
  18 harpies
  5 necromancers
  5 red wasps
  A shining eye (shapeshifter) (Vaults:5)
  4 wizards
  A fire giant zombie (Depths:4)
  13 fauns
  9 orc sorcerers
  19 salamanders
  9 water nymphs
  9 manticores
  A sphinx skeleton (Vaults:2)
  2 stone giant zombies
  7 griffons
  A shining eye (Snake:4)
  6 cyclopes
  An elephant (D:8)
  6 gargoyles
  4 guardian serpents
  2 frost giant skeletons (Depths:2)
  3 stone giant skeletons
  A centaur zombie (D:14)
  19 phantasmal warriors
  17 moths of wrath
  A black mamba (shapeshifter) (Depths:4)
  9 mermaids
  A guardian serpent (shapeshifter) (Depths:4)
  28 black mambas
  5 torpor snails
  A torpor snail (shapeshifter) (Depths:2)
  3 smoke demons (Crypt:3)
  A spriggan skeleton (Depths:4)
  18 spiny frogs
  A queen ant (shapeshifter) (Depths:3)
  22 vault sentinels
  32 naga magi
  15 komodo dragons
  2 elves (Depths:2)
  2 kobold demonologists
  3 orange demons
  A pale draconian zombie (Crypt:2)
  A fire drake (Lair:7)
  An item mimic (Elf:3)
  A black draconian skeleton (Crypt:1)
  15 deep elf priests
  A hellwing (Depths:4)
  59 yaktaurs
  4 guardian mummies
  7 red devils
  8 trolls
  A shadow dragon simulacrum (Vaults:4)
  A pale draconian skeleton (Crypt:1)
  28 merfolk
  15 polar bears
  4 silent spectres
  A queen bee (shapeshifter) (Vaults:2)
  A jumping spider (shapeshifter) (Vaults:2)
  7 freezing wraiths
  7 ravens
  7 giant leeches
  A slime creature (shapeshifter) (Vaults:5)
  A sphinx simulacrum (Depths:2)
  2 baby alligators (shapeshifter)
  29 two-headed ogres
  18 blink frogs
  A jumping spider (Vaults:3)
  4 wind drakes
  A trapdoor spider zombie (Crypt:1)
  3 snapping turtles
  2 spectral orcs (Lair:4)
  A stone giant simulacrum (Crypt:1)
  A hydra skeleton (D:8)
  6 shadows
  3 boulder beetles (Vaults:3)
  An ettin zombie (Crypt:1)
  18 slime creatures
  2 spriggan zombies (D:15)
  A bog body (Crypt:2)
  2 basilisks
  10 wraiths
  2 tarantellas (Vaults:4)
  2 redbacks (shapeshifter)
  An ettin skeleton (Vaults:4)
  A spriggan (D:9)
  A flying skull (D:15)
  77 yaks
  A ynoxinul (Depths:3)
  11 water elementals
  The ghost of glosham the Cudgeler, an average OgAM (D:4)
  A trapdoor spider (D:10)
  9 redbacks
  2 basilisks (shapeshifter)
  A fire dragon skeleton (Crypt:3)
  A griffon skeleton (D:13)
  A hippogriff (shapeshifter) (Elf:2)
  23 deep elf magi
  15 vampire mosquitoes
  A fire elemental (Zot:5)
  6 vampires
  3 wyverns
  A satyr skeleton (Crypt:2)
  14 hippogriffs
  19 deep elf fighters
  4 hungry ghosts
  2 elf zombies
  An elf skeleton (Depths:4)
  15 wargs
  A hog (shapeshifter) (Depths:5)
  5 hogs (Snake:3)
  3 steam dragons (Depths:5)
  2 humans (Depths:2)
  44 nagas
  28 wolves
  6 mottled dragons
  A merfolk zombie (Crypt:2)
  A deep troll zombie (Crypt:1)
  4 sky beasts
  A water nymph zombie (Crypt:2)
  A hell hound (Depths:4)
  An ettin simulacrum (Depths:2)
  31 water moccasins
  A spectral blink frog (Crypt:1)
  50 orc warriors
  11 porcupines
  5 phantoms
  2 yellow wasps
  23 ice beasts
  A slave (Depths:2)
  A manticore zombie (Crypt:2)
  14 boggarts
  A ghost crab zombie (Crypt:1)
  A black bear (Orc:4)
  31 centaurs
  6 necrophages
  A manticore skeleton (D:13)
  69 ogres
  A big kobold (D:13)
  21 crocodiles
  A brain worm (D:11)
  4 lost souls
  A yaktaur zombie (Depths:2)
  32 giant frogs
  7 human skeletons (Vaults:2)
  A komodo dragon skeleton (Crypt:2)
  2 scorpions
  A wyvern skeleton (D:13)
  The ghost of glosham the Skirmisher, a weakling OgAM (D:3)
  2 troll zombies
  5 eyes of draining
  15 wights
  A yak zombie (D:10)
  4 electric eels
  2 spectral wolves (Depths:2)
  9 crimson imps
  A raiju skeleton (Crypt:1)
  A goliath beetle (D:8)
  6 jellies
  A giant frog zombie (D:10)
  11 hounds
  A giant frog skeleton (D:10)
  A basilisk zombie (D:13)
  21 orc priests
  36 orc wizards
  3 quasits
  A porcupine zombie (Crypt:2)
  7 worker ants
  2 orange rats (Lair:1)
  15 iguanas
  23 sheep
  A deep dwarf zombie (Crypt:2)
  An ogre zombie (D:5)
  A sky beast zombie (D:7)
  A brain worm zombie (Crypt:1)
  10 mummies
  An ogre skeleton (D:10)
  Terence (D:3)
  A worker ant zombie (D:6)
  4 gnolls
  9 orc zombies
  31 adders
  62 green rats
  7 shadow imps
  2 giant mites
  4 worms
  2 ufetubi
  A sheep skeleton (Crypt:1)
  3 oozes (D:4)
  4 giant geckos
  201 orcs
  4 giant cockroaches
  16 goblins
  24 hobgoblins
  22 jackals
  28 kobolds
  A quokka (shapeshifter) (Depths:4)
  A ball python (D:3)
  20 bats
  A giant newt (D:3)
  A giant spore (D:8)
  A goblin skeleton (Crypt:2)
  2 hobgoblin skeletons
  A hobgoblin zombie (D:8)
  A kobold skeleton (Crypt:3)
  3 orc skeletons
  18 quokkas
  19 rats
  A rat skeleton (D:4)
  43 ballistomycetes
  3 fungi
  9 plants
  4 tentacles (Shoals:5)
2861 creatures vanquished.

Vanquished Creatures (collateral kills)
  Boris (Vaults:4)
  Vashnia (Snake:2)
  The ghost of glosham the Shatterer, a mighty OgAM of Cheibriados (Shoals:3)
  Rupert (Lair:4)
  2 frost giants (Depths:2)
  Maud (Shoals:1)
  3 orc warlords
  Gastronok (D:12)
  The ghost of glosham the Shatterer, a powerful OgAM of the Shining One (D:13)
  Snorg (Orc:4)
  An ettin (Depths:2)
  A jiangshi (Crypt:2)
  A merfolk impaler (Shoals:5)
  A yaktaur captain (Vaults:5)
  A centaur warrior (Vaults:3)
  A deep troll earth mage (Depths:4)
  An orc high priest (Orc:4)
  A naga sharpshooter (Snake:2)
  Urug (D:10)
  A sun demon (Orc:4)
  An orc sorcerer (Orc:4)
  An ugly thing (D:11)
  3 fauns (Shoals:3)
  A water nymph (shapeshifter) (D:11)
  A manticore (D:11)
  A salamander (Snake:1)
  A black mamba (Snake:2)
  A yaktaur (Vaults:3)
  A wind drake (Shoals:4)
  3 polar bears (IceCv)
  2 trolls
  A snapping turtle (Shoals:5)
  A yak (IceCv)
  A warg (Depths:2)
  2 nagas (Snake:1)
  3 orc warriors
  An ogre (Orc:1)
  A big kobold (D:11)
  A gnoll sergeant (D:11)
  A hound (D:9)
  An orc priest (D:10)
  A quasit (D:11)
  2 orc wizards (Orc:1)
  A gnoll (D:11)
  8 orcs
  A jackal (D:8)
  A kobold (D:11)
  A crawling corpse (Elf:3)
67 creatures vanquished.

Vanquished Creatures (others)
  An ancient lich (Zot:5)
  An eldritch tentacle (Depths:2)
  2 fire giants
  A wizard (Depths:3)
  A deep troll (Vaults:3)
  11 drowned souls
  A troll (Shoals:5)
  3 fire elementals
  2 two-headed ogres
  A yak (IceCv)
  2 vampire mosquitoes (Vaults:3)
  A deep elf fighter (Vaults:4)
  15 lost souls
  3 ogres
  An orc priest (D:8)
  2 orcs
  A hobgoblin (D:1)
  A ball python (D:1)
  11 giant spores
  3 ballistomycetes (D:8)
  137 eldritch tentacle segments (Depths:2)
  A fungus (Orc:4)
  21 plants
  18 tentacles (Shoals:5)
  123 tentacle segments (Shoals:5)
364 creatures vanquished.

Grand Total: 3292 creatures vanquished

Notes
Turn   | Place    | Note
--------------------------------------------------------------
     0 | D:1      | magipi, the Mummy Berserker, began the quest for the Orb.
     0 | D:1      | Reached XP level 1. HP: 18/18 MP: 1/1
   250 | D:1      | Reached XP level 2. HP: 12/24 MP: 2/2
   860 | D:1      | Acquired Trog's second power
   898 | D:1      | Reached XP level 3. HP: 27/29 MP: 3/3
  1734 | D:2      | Reached skill level 4 in Maces & Flails
  1761 | D:2      | Reached XP level 4. HP: 26/35 MP: 4/4
  2868 | D:3      | Reached XP level 5. HP: 41/41 MP: 5/5
  2900 | D:3      | Found a white marble altar of Elyvilon.
  2900 | D:3      | Found a shimmering altar of Xom.
  3130 | D:3      | Noticed glosham's ghost (weakling OgAM)
  3564 | D:3      | Noticed Terence
  3713 | D:3      | Reached skill level 5 in Maces & Flails
  3984 | D:4      | Noticed glosham's ghost (average OgAM)
  4173 | D:4      | Noticed an ogre
  4767 | D:3      | Killed Terence
  4820 | D:5      | Entered Level 5 of the Dungeon
  5524 | D:5      | Reached skill level 1 in Evocations
  5524 | D:5      | Reached XP level 6. HP: 17/47 MP: 5/7
  5548 | D:5      | Got a brightly glowing leather armour
  5552 | D:5      | Acquired Trog's third power
  5657 | D:5      | Identified the cursed +3 leather armour "Iraif" {Dex+2 Int-3} (You took it off an orc on level 5 of the Dungeon)
  5802 | D:5      | Noticed an ogre
  5809 | D:5      | Killed an ogre
  5925 | D:5      | Noticed a phantom
  5991 | D:5      | Killed a phantom
  5991 | D:5      | Reached skill level 6 in Maces & Flails
  5991 | D:5      | Reached XP level 7. HP: 52/52 MP: 10/10
  6695 | D:7      | Identified a scroll of acquirement
  6723 | D:7      | Found a shattered altar of Ashenzari.
  6989 | D:7      | Reached XP level 8. HP: 47/58 MP: 13/13
  7176 | D:7      | Reached skill level 7 in Maces & Flails
  7423 | D:8      | Reached skill level 5 in Evocations
  7440 | D:8      | Found a staircase to the Lair.
  7440 | D:8      | Noticed an elephant
  7479 | D:8      | Killed an elephant
  8010 | D:8      | HP: 1/58 [wight/long sword of electrocution (8)]
  8288 | D:8      | Reached skill level 8 in Maces & Flails
  8542 | D:8      | Reached XP level 9. HP: 14/63 MP: 16/16
  8956 | D:8      | Found a deep blue altar of Sif Muna.
  9365 | D:8      | Found a snail-covered altar of Cheibriados.
  9491 | D:9      | Reached skill level 5 in Armour
  9602 | D:9      | Received a gift from Trog
  9676 | D:9      | Reached skill level 9 in Maces & Flails
  9746 | D:9      | Found an iron altar of Okawaru.
  9764 | D:9      | Received a gift from Trog
 10290 | D:9      | Reached XP level 10. HP: 70/70 MP: 18/18
 10893 | D:8      | Reached skill level 10 in Maces & Flails
 11196 | D:10     | Entered Level 10 of the Dungeon
 11581 | D:10     | Noticed a hill giant
 11589 | D:10     | Killed a hill giant
 11916 | D:10     | Noticed Urug
 11935 | D:10     | Killed Urug
 11935 | D:10     | Reached skill level 5 in Fighting
 12695 | D:10     | Reached XP level 11. HP: 81/81 MP: 19/19
 13268 | D:3      | Killed glosham's ghost
 13360 | D:3      | Found a white marble altar of Elyvilon.
 13360 | D:3      | Found a shimmering altar of Xom.
 13656 | D:4      | Killed glosham's ghost
 13656 | D:4      | Received a gift from Trog
 13656 | D:4      | Reached skill level 11 in Maces & Flails
 13992 | D:4      | Noticed an ogre
 14008 | D:4      | Killed an ogre
 14067 | D:4      | Found a viscous altar of Jiyva.
 14099 | D:4      | Found a staircase to the Ecumenical Temple.
 14667 | D:11     | Killed an unseen horror
 15397 | D:11     | Noticed a hill giant
 15422 | D:11     | Killed a hill giant
 16087 | D:12     | Noticed a hill giant
 16096 | D:12     | Killed a hill giant
 16213 | D:12     | Found a frozen archway.
 16355 | IceCv    | Entered an ice cave
 16381 | IceCv    | Reached skill level 12 in Maces & Flails
 16846 | IceCv    | Noticed an ice statue
 17135 | IceCv    | Killed an ice statue
 17309 | IceCv    | Reached XP level 12. HP: 69/95 MP: 20/20
 18901 | IceCv    | Noticed a frost giant
 19082 | IceCv    | Killed a frost giant
 19082 | IceCv    | Reached skill level 13 in Maces & Flails
 19357 | D:12     | Found Clyir's Armour Shoppe.
 19357 | D:12     | Noticed Gastronok
 19392 | D:12     | Killed Gastronok
 19410 | D:12     | Bought a +0 helmet for 63 gold pieces
 20063 | D:12     | Found a staircase to the Orcish Mines.
 20520 | Orc:1    | Entered Level 1 of the Orcish Mines
 20606 | Orc:1    | Noticed MaceMeetFace's ghost (powerful HuBe)
 20628 | Orc:1    | Killed MaceMeetFace's ghost
 20871 | Orc:1    | Reached XP level 13. HP: 60/101 MP: 21/21
 21207 | Orc:2    | Noticed an orc warlord
 21472 | Orc:1    | Killed an orc warlord
 21472 | Orc:1    | Reached skill level 10 in Armour
 22128 | Orc:2    | Found a white marble altar of Elyvilon.
 22439 | Orc:2    | Received a gift from Trog
 23441 | Orc:3    | Reached skill level 1 in Throwing
 23645 | Orc:3    | Received a gift from Trog
 23895 | Orc:4    | Entered Level 4 of the Orcish Mines
 23895 | Orc:4    | Found Schorch's Book Shop.
 23895 | Orc:4    | Found Enuxt's Food Shoppe.
 24579 | Orc:4    | Noticed an orc warlord
 24660 | Orc:4    | Killed an orc warlord
 24792 | Orc:4    | Found an iron altar of Okawaru.
 24793 | Orc:4    | Found Tiuxehei's Antique Armour Boutique.
 24799 | Orc:4    | Bought a glowing helmet for 121 gold pieces
 24867 | Orc:4    | Noticed Snorg
 24907 | Orc:4    | Killed Snorg
 24965 | Orc:4    | Received a gift from Trog
 25088 | Orc:4    | Found Chiv Stri's Antique Weapon Emporium.
 25505 | Orc:4    | Found Schiwaorph's General Store.
 25522 | Orc:4    | Reached skill level 14 in Maces & Flails
 25546 | Orc:4    | Noticed Maurice
 25548 | Orc:4    | Noticed Maurice
 25548 | Orc:4    | Maurice changed into Maurice the black bear
 25553 | Orc:4    | Killed Maurice the black bear
 25897 | Orc:3    | Found a roughly hewn altar of Beogh.
 25900 | Orc:3    | Received a gift from Trog
 25921 | Orc:3    | Found a staircase to the Elven Halls.
 26065 | Orc:4    | Bought an amber-encrusted scale mail for 243 gold pieces
 26065 | Orc:4    | Bought an ichor-stained chain mail for 256 gold pieces
 26065 | Orc:4    | Bought a runed ring mail for 108 gold pieces
 26065 | Orc:4    | Bought a shiny shield for 121 gold pieces
 26087 | Orc:3    | Identified the cursed -5 scale mail "Psilaepp" {+Blink} (You bought it in a shop on level 4 of the Orcish Mines)
 26088 | Orc:3    | Identified the +2 chain mail of Midsummer {Dex+5 Int-2} (You bought it in a shop on level 4 of the Orcish Mines)
 26173 | Orc:4    | Bought a glowing shield for 121 gold pieces
 26213 | Orc:4    | Reached skill level 1 in Shields
 26683 | D:3      | Killed an ogre
 26791 | Lair:1   | Entered Level 1 of the Lair of Beasts
 26848 | Lair:1   | Noticed Erica
 26856 | Lair:1   | Killed Erica
 26987 | Lair:1   | Received a gift from Trog
 28206 | Lair:2   | Received a gift from Trog
 28209 | Lair:2   | Got a dazzling demon whip {god gift}
 28212 | Lair:2   | Identified the +2 demon whip of the Wilderness {slash, +Inv rElec rN+} (Trog gifted it to you on level 2 of the Lair of Beasts)
 28593 | Lair:3   | Reached XP level 14. HP: 108/108 MP: 22/22
 28647 | Lair:3   | Reached skill level 5 in Shields
 29643 | Lair:3   | Found a staircase to the Shoals.
 29919 | Lair:4   | Noticed Rupert
 29933 | Lair:4   | Killed Rupert
 30050 | Lair:4   | Noticed Fannar
 30086 | Lair:4   | Killed Fannar
 30359 | Lair:4   | Noticed Nergalle
 30440 | Lair:4   | Killed Nergalle
 31628 | Lair:5   | Received a gift from Trog
 32383 | Lair:6   | Found a staircase to the Snake Pit.
 32613 | Lair:6   | Found a staircase to the Slime Pits.
 32614 | Lair:6   | Found a viscous altar of Jiyva.
 33617 | Lair:7   | Received a gift from Trog
 34018 | Lair:8   | Entered Level 8 of the Lair of Beasts
 34045 | Lair:8   | Reached skill level 5 in Dodging
 34130 | Lair:8   | Reached XP level 15. HP: 103/115 MP: 25/25
 34253 | Lair:8   | Reached skill level 10 in Fighting
 34426 | Lair:8   | Received a gift from Trog
 34919 | Lair:8   | Received a gift from Trog
 35954 | D:13     | Noticed glosham's ghost (powerful OgAM)
 36010 | D:13     | Killed glosham's ghost
 36256 | D:13     | Received a gift from Trog
 37201 | D:14     | Noticed Sonja
 37203 | D:14     | Noticed Sonja
 37203 | D:14     | Sonja changed into Sonja the naga
 37234 | D:14     | Killed Sonja the naga
 37294 | D:14     | Found Xobbae Hups' Assorted Antiques.
 37297 | D:14     | Bought a scroll of summoning for 237 gold pieces
 37297 | D:14     | Bought a scroll of teleportation for 75 gold pieces
 37609 | D:14     | Found a gate to the Vaults.
 37664 | D:14     | Received a gift from Trog
 37883 | D:15     | Entered Level 15 of the Dungeon
 38130 | D:15     | Reached XP level 16. HP: 114/127 MP: 29/29
 38260 | D:15     | Found a staircase to the Depths.
 38364 | D:15     | Found a portal to a secret trove of treasure.
 38559 | D:15     | Reached skill level 10 in Evocations
 39088 | D:15     | Found a deep blue altar of Sif Muna.
 39628 | Snake:1  | Entered Level 1 of the Snake Pit
 39828 | Snake:1  | Noticed Louise
 39843 | Snake:1  | Noticed Aizul
 39853 | Snake:1  | Killed Louise
 39857 | Snake:1  | Killed Aizul
 39934 | Snake:1  | Noticed Donald
 39947 | Snake:1  | Killed Donald
 40452 | Snake:1  | Received a gift from Trog
 41522 | Snake:2  | Noticed Vashnia
 41811 | Snake:2  | Killed Vashnia
 42043 | Snake:2  | Received a gift from Trog
 42911 | Snake:3  | Received a gift from Trog
 42980 | Snake:3  | Noticed Kirke
 42990 | Snake:3  | Killed Kirke
 43322 | Snake:4  | Reached skill level 10 in Dodging
 43903 | Snake:3  | Reached XP level 17. HP: 123/134 MP: 29/31
 44306 | Snake:4  | Got a pitted silver ring
 44307 | Snake:4  | Identified the cursed ring of Luangin {+Inv rPois rC+ AC-3 Dex+3 Slay+5} (You found it on level 4 of the Snake Pit)
 44370 | Snake:4  | Received a gift from Trog
 44640 | Snake:5  | Entered Level 5 of the Snake Pit
 45709 | Snake:5  | Received a gift from Trog
 46635 | Snake:5  | Received a gift from Trog
 47203 | Snake:5  | Reached skill level 10 in Shields
 47248 | Snake:5  | Got a serpentine rune of Zot
 47518 | Shoals:1 | Entered Level 1 of the Shoals
 47641 | Shoals:1 | Reached skill level 15 in Maces & Flails
 47644 | Shoals:1 | Received a gift from Trog
 47891 | Shoals:1 | Reached XP level 18. HP: 143/143 MP: 32/32
 47892 | Shoals:1 | Noticed Maud
 47896 | Shoals:1 | Killed Maud
 47964 | Shoals:2 | Noticed Polyphemus
 48708 | Shoals:2 | Killed Polyphemus
 49422 | Shoals:3 | Received a gift from Trog
 49506 | Shoals:3 | Noticed glosham's ghost (mighty OgAM)
 49516 | Shoals:3 | Killed glosham's ghost
 49531 | Shoals:3 | Found Cestriceo's Jewellery Boutique.
 49554 | Shoals:3 | Bought the ring of the Nightingale {EV+3 Str+3 Dex+3 SInv Stlth-} for 520 gold pieces
 49554 | Shoals:3 | Bought a cursed ring of teleportation for 174 gold pieces
 50464 | Shoals:4 | Received a gift from Trog
 50511 | Shoals:5 | Entered Level 5 of the Shoals
 50511 | Shoals:5 | Noticed Agnes
 51015 | Shoals:4 | Killed Agnes
 51754 | Shoals:5 | Reached skill level 16 in Maces & Flails
 51813 | Shoals:5 | Received a gift from Trog
 51964 | Shoals:5 | Noticed Ilsuiw
 52010 | Shoals:5 | Killed Ilsuiw
 52363 | Shoals:5 | Got a barnacled rune of Zot
 52721 | Vaults:1 | Entered Level 1 of the Vaults
 52823 | Vaults:1 | Reached XP level 19. HP: 149/149 MP: 33/33
 53014 | Vaults:1 | Received a gift from Trog
 53493 | Vaults:1 | Received a gift from Trog
 54064 | Vaults:2 | Received a gift from Trog
 54839 | Vaults:2 | Found Kawaim's Gadget Boutique.
 54846 | Vaults:2 | Bought a wand of heal wounds (4) for 816 gold pieces
 55237 | Vaults:2 | Found a staircase to the Crypt.
 55403 | Vaults:2 | Received a gift from Trog
 56077 | Vaults:3 | Reached XP level 20. HP: 144/160 MP: 30/33
 56380 | Vaults:3 | Received a gift from Trog
 56480 | Vaults:3 | Noticed glosham's ghost (mighty OgAM)
 56514 | Vaults:3 | Killed glosham's ghost
 56841 | Vaults:3 | Found Gaqiulun's Food Shoppe.
 56891 | Vaults:3 | Received a gift from Trog
 57195 | Vaults:3 | Received a gift from Trog
 58049 | Vaults:3 | Received a gift from Trog
 58373 | Vaults:4 | Reached skill level 15 in Fighting
 58568 | Vaults:4 | Noticed Boris
 58589 | Vaults:4 | Killed Boris
 58986 | Vaults:4 | Received a gift from Trog
 59389 | Vaults:4 | Found Praes' Assorted Antiques.
 59397 | Vaults:4 | Bought a pair of polished boots for 389 gold pieces
 59398 | Vaults:4 | Identified the +2 pair of boots of Cowardice {MR+} (You bought it in a shop on level 4 of the Vaults)
 59401 | Vaults:4 | Bought a pair of glowing boots for 184 gold pieces
 59732 | Depths:1 | Entered Level 1 of the Depths
 59754 | Depths:1 | Found a gateway to Hell.
 59904 | Depths:1 | Found a one-way gate to the infinite horrors of the Abyss.
 59936 | Depths:1 | Noticed Norris
 59947 | Depths:1 | Killed Norris
 60318 | Depths:1 | Reached XP level 21. HP: 94/169 MP: 27/34
 60489 | Depths:1 | Received a gift from Trog
 60935 | Depths:2 | Found Thrint's Antique Weapon Boutique.
 60970 | Depths:2 | Found Twon's Antique Weapon Shoppe.
 61203 | Depths:2 | Found a gateway to a ziggurat.
 61251 | Depths:2 | Bought an ichor-stained blowgun for 217 gold pieces
 61252 | Depths:2 | Identified the +11 blowgun of Cruel Justice {evade, SInv Stlth--} (You bought it in a shop on level 2 of the Depths)
 61615 | Depths:2 | Received a gift from Trog
 62480 | Depths:2 | Found Azailin's Slaves and Accessories.
 62581 | Depths:2 | Received a gift from Trog
 62752 | Depths:2 | Found Jack's Jerk-a-riffic Jerky.
 62818 | Depths:2 | Found Saphep's Miraculous Elixirs.
 62938 | Depths:2 | Found The Legendary Twen's Legendary Smithy.
 63004 | Depths:2 | Reached skill level 5 in Throwing
 63608 | Depths:3 | Received a gift from Trog
 64345 | Depths:2 | Received a gift from Trog
 64735 | Depths:2 | Paralysed by a great orb of eyes for 2 turns
 65031 | Depths:3 | Reached XP level 22. HP: 159/178 MP: 35/35
 65343 | Depths:3 | Reached skill level 15 in Shields
 66043 | Depths:3 | Received a gift from Trog
 66317 | Depths:3 | Found a one-way gate leading to the halls of Pandemonium.
 66682 | Depths:3 | Got a faintly glowing chain mail
 66684 | Depths:3 | Identified the +4 chain mail of Divine Compulsion {rPois rF+} (You took it off a rakshasa on level 3 of the Depths)
 66978 | Depths:4 | Got a shimmering scale mail
 66979 | Depths:4 | Identified the +4 scale mail of Lugonu's Favour {rPois rF+} (You found it on level 4 of the Depths)
 67222 | Depths:4 | Found a gateway to a ziggurat.
 67378 | Depths:4 | Received a gift from Trog
 67459 | Depths:4 | Got a steaming demon whip
 67468 | Depths:4 | Identified the +5 demon whip of Owuxt {pain, rC+ Str+1 Int+2} (You found it on level 4 of the Depths)
 68988 | Depths:4 | Received a gift from Trog
 69006 | Depths:5 | Entered Level 5 of the Depths
 69197 | Depths:5 | Reached XP level 23. HP: 177/184 MP: 35/35
 70097 | Depths:5 | Reached skill level 10 in Throwing
 70495 | Depths:5 | Received a gift from Trog
 70601 | Depths:5 | Found a gate to the Realm of Zot.
 70723 | Depths:5 | Received a gift from Trog
 71122 | Elf:1    | Entered Level 1 of the Elven Halls
 71122 | Elf:1    | Noticed Asterion
 71142 | Orc:3    | Killed Asterion
 71151 | Elf:1    | Reached skill level 17 in Fighting
 72073 | Elf:2    | Received a gift from Trog
 72463 | Elf:3    | Entered Level 3 of the Elven Halls
 72617 | Elf:3    | Received a gift from Trog
 72828 | Elf:3    | Received a gift from Trog
 72916 | Elf:3    | Noticed Wiglaf
 72949 | Elf:3    | Killed Wiglaf
 73126 | Elf:3    | Received a gift from Trog
 73242 | Elf:3    | Got a bronze chain mail
 73243 | Elf:3    | Identified the -1 chain mail of Bruptim {MR+ Str+1} (You found it on level 3 of the Elven Halls)
 73279 | Elf:3    | Got an ichor-stained demon blade
 73280 | Elf:3    | Identified the +7 demon blade "Khosu" {vamp, rC+} (You found it on level 3 of the Elven Halls)
 73289 | Elf:3    | Got a glittering steel ring
 73290 | Elf:3    | Identified the cursed ring "Trigh" {Fire rN+} (You found it on level 3 of the Elven Halls)
 73456 | Elf:3    | Noticed dscm's ghost (mighty OpEE)
 73494 | Elf:3    | Killed dscm's ghost
 73667 | Elf:3    | Reached skill level 18 in Fighting
 74045 | Crypt:1  | Entered Level 1 of the Crypt
 74629 | Crypt:2  | Reached XP level 24. HP: 198/198 MP: 36/36
 75014 | Crypt:2  | Noticed Jory
 75036 | Crypt:2  | Killed Jory
 75885 | Crypt:3  | Entered Level 3 of the Crypt
 76622 | Crypt:3  | Found a staircase to the Tomb.
 76694 | Crypt:3  | Noticed an ancient lich
 76748 | Crypt:3  | Killed an ancient lich
 76748 | Crypt:3  | Reached skill level 19 in Fighting
 77031 | Crypt:3  | Received a gift from Trog
 77549 | Crypt:3  | Found an ancient bone altar of Kikubaaqudgha.
 77579 | Crypt:3  | Received a gift from Trog
 77598 | Crypt:3  | Noticed an ancient lich
 77621 | Crypt:3  | Killed an ancient lich
 77723 | Crypt:3  | Noticed an ancient lich
 77772 | Crypt:3  | Killed an ancient lich
 78531 | Vaults:5 | Entered Level 5 of the Vaults
 78554 | Vaults:4 | Received a gift from Trog
 78554 | Vaults:4 | Reached skill level 20 in Fighting
 79559 | Vaults:5 | Reached skill level 21 in Fighting
 79767 | Vaults:5 | Reached XP level 25. HP: 182/214 MP: 31/36
 79840 | Vaults:5 | Received a gift from Trog
 79975 | Vaults:5 | Got a transparent lead amulet
 79976 | Vaults:5 | Identified the amulet of Relativism {Inacc +Fly rElec rC++} (You found it on level 5 of the Vaults)
 79984 | Vaults:5 | Got a twisted cloak
 79985 | Vaults:5 | Identified the cursed -1 cloak of Love and Death {+Rage Slay+4} (You found it on level 5 of the Vaults)
 80491 | Vaults:4 | Reached skill level 22 in Fighting
 80729 | Vaults:5 | Received a gift from Trog
 80964 | Vaults:5 | Reached skill level 15 in Throwing
 81105 | Vaults:5 | Received a gift from Trog
 81264 | Vaults:5 | Got a silver rune of Zot
 82104 | Zot:1    | Entered Level 1 of the Realm of Zot
 82316 | Zot:1    | Received a gift from Trog
 82658 | Zot:1    | Received a gift from Trog
 83147 | Zot:1    | Received a gift from Trog
 83617 | Zot:2    | Noticed an orb of fire
 83675 | Zot:2    | Killed an orb of fire
 83675 | Zot:2    | Reached skill level 23 in Fighting
 83675 | Zot:2    | Reached skill level 15 in Dodging
 83889 | Zot:2    | Reached XP level 26. HP: 197/227 MP: 32/37
 84603 | Zot:4    | Reached skill level 15 in Armour
 84681 | Zot:5    | Entered Level 5 of the Realm of Zot
 85284 | Depths:2 | Received a gift from Trog
 85910 | Zot:5    | Received a gift from Trog
 86121 | Zot:5    | Noticed an ancient lich
 86126 | Zot:5    | Noticed an ancient lich
 86141 | Zot:5    | Killed an ancient lich
 86144 | Zot:5    | Noticed an orb of fire
 86151 | Zot:5    | Killed an ancient lich
 86230 | Zot:5    | Killed an orb of fire
 86406 | Zot:5    | Noticed an orb of fire
 86446 | Zot:5    | Killed an orb of fire
 86596 | Zot:5    | Received a gift from Trog
 86814 | Zot:5    | Noticed an ancient lich
 86849 | Zot:5    | Killed an ancient lich
 86997 | Zot:5    | Got the Orb of Zot
 87631 | D:$      | Escaped with the Orb!

Action                   |  1- 3 |  4- 6 |  7- 9 | 10-12 | 13-15 | 16-18 | 19-21 | 22-24 | 25-27 || total
-------------------------+-------+-------+-------+-------+-------+-------+-------+-------+-------++-------
Melee: Mace              |   150 |   268 |       |       |       |       |       |       |       ||   418
       Flail             |       |    49 |   173 |       |       |       |       |       |       ||   222
       Morningstar       |       |       |   422 |    99 |       |       |       |       |       ||   521
       Dire flail        |       |       |       |    80 |       |       |       |       |       ||    80
       Great mace        |       |       |       |   858 |   343 |       |       |       |       ||  1201
       Whip              |       |       |       |       |   642 |       |       |       |       ||   642
       Eveningstar       |       |       |       |       |   980 |  1912 |  2125 |  2195 |   952 ||  8164
       Demon whip        |       |       |       |       |   675 |   116 |    97 |   481 |   450 ||  1819
 Fire: Blowgun           |       |       |       |     6 |       |       |       |       |    43 ||    49
Throw: Javelin           |       |       |       |    12 |    96 |    20 |    86 |   139 |    72 ||   425
       Throwing net      |       |       |       |     1 |       |       |       |       |     4 ||     5
       Tomahawk          |       |       |       |       |     1 |     2 |       |       |       ||     3
Invok: Trog's Hand       |       |     1 |     1 |     2 |    10 |    13 |    34 |    20 |    10 ||    91
       Brothers in Arms  |       |       |       |     9 |     7 |    11 |     4 |     3 |       ||    34
       Burn Spellbooks   |       |       |       |     3 |     4 |     2 |     5 |     6 |     4 ||    24
 Abil: Stop Flying       |       |       |       |       |       |       |     1 |     2 |       ||     3
       Evoke Flight      |       |       |       |       |       |       |       |     2 |       ||     2
       Self-Restoration  |       |       |       |       |       |       |       |       |     2 ||     2
Evoke: Wand              |       |     4 |    13 |    21 |    27 |    30 |    26 |    24 |    21 ||   166
       Lamp of fire      |       |       |       |     1 |     1 |       |     1 |     3 |       ||     6
  Use: Scroll            |       |     8 |     9 |     8 |    18 |    16 |     5 |    18 |    11 ||    93
 Stab: Distracted        |       |       |       |     1 |     2 |     2 |     3 |     1 |       ||     9
       Fleeing           |       |       |       |     2 |       |       |       |       |       ||     2
       Confused          |       |       |       |       |       |       |       |     1 |       ||     1
       Held in net/web   |       |       |       |       |       |       |       |       |     2 ||     2
